 Dungeon Crawl Stone Soup version 0.29.1-15-g9cfb28693d (webtiles) character file.

Game seed: 968282187388936272

3452 nonceun the Cleaver (level 9, -13/82 HPs)
             Began as a Minotaur Berserker on Mar 15, 2023.
             Was an Elder of Trog.
             Mangled by a skeletal warrior
             ... wielding a +0 halberd
              (22 damage)
             ... on level 7 of the Dungeon.
             The game lasted 00:24:34 (6769 turns).

nonceun the Cleaver (Minotaur Berserker)            Turns: 6769, Time: 00:24:34

Health: -13/82     AC: 17    Str: 27    XL:     9   Next: 78%
Magic:  17/17      EV: 12    Int:  4    God:    Trog [****..]
Gold:   537        SH:  0    Dex: 15    Spells: 8/8 levels left

rFire   + + +      SeeInvis .   a - +0 war axe
rCold   . . .      Faith    .   (no shield)
rNeg    . . .      Spirit   .   r - +4 scale mail "Xitisorgh" {rF+++ Stlth-}
rPois   .          Reflect  .   (helmet restricted)
rElec   .          Harm     .   i - +2 cloak
rCorr   .          Rampage  .   h - +0 pair of gloves
Will    ++...                   H - +0 pair of boots
Stlth   ..........              (no amulet)
HPRegen 1.23/turn               k - ring of magical power
MPRegen 0.15/turn               L - +6 ring of dexterity

@: strong-willed, regenerating
A: horns 2, retaliatory headbutt
a: Renounce Religion, Berserk, Trog's Hand, Brothers in Arms


You were on level 7 of the Dungeon.
You worshipped Trog.
Trog was greatly pleased with you.
You visited 1 branch of the dungeon, and saw 7 of its levels.
You also visited: Sewer and Ossuary.

You collected 537 gold pieces.

Inventory:

Hand Weapons
 a - a +0 war axe (weapon)
 b - a +1 hand axe of freezing
Missiles
 g - 65 stones (quivered)
Armour
 h - a +0 pair of gloves (worn)
 i - a +2 cloak (worn)
 o - a +0 plate armour
 r - the +4 scale mail "Xitisorgh" (worn) {rF+++ Stlth-}
   (You found it on level 2 of the Dungeon)

   rF:        It renders you almost immune to fire.
   Stlth:     It makes you less stealthy.
 H - a +0 pair of boots (worn)
 J - the +2 leather armour of the Turtledove {rPois rF++ rN+++}
   (You found it on level 6 of the Dungeon)

   rF:        It greatly protects you from fire.
   rPois:     It protects you from poison.
   rN:        It renders you almost immune to negative energy.
Jewellery
 k - a ring of magical power (left hand)
 L - a +6 ring of dexterity (right hand)
Scrolls
 e - 3 scrolls of immolation {unknown}
 n - 3 scrolls of enchant weapon {unknown}
 s - 9 scrolls of identify {unknown}
 t - 2 scrolls of teleportation {unknown}
 u - a scroll of amnesia {unknown}
 y - a scroll of acquirement {unknown}
 z - 6 scrolls of blinking {unknown}
 A - 2 scrolls of magic mapping {unknown}
 B - a scroll of brand weapon {unknown}
 C - a scroll of vulnerability {unknown}
 E - a scroll of fear {unknown}
 F - 2 scrolls of noise {unknown}
 I - a scroll of poison {unknown}
Potions
 c - 3 potions of brilliance {unknown}
 d - 3 potions of curing {unknown}
 f - 3 potions of magic {unknown}
 j - 3 potions of might {unknown}
 l - a potion of ambrosia {unknown}
 m - 2 potions of flight {unknown}
 p - 4 potions of heal wounds {unknown}
 q - a potion of attraction {unknown}
 v - 3 potions of mutation {unknown}
 w - 3 potions of invisibility {unknown}
 x - 3 potions of haste {unknown}
 D - a potion of degeneration {unknown}
 G - a potion of resistance {unknown}
 K - a potion of cancellation {unknown}


   Skills:
 * Level 8.3 Fighting
 + Level 13.8 Axes
 - Level 5.0 Armour
 * Level 4.6 Dodging


You had 8 spell levels left.
You didn't know any spells.
Your spell library contained the following spells:

 Spells                   Type           Power      Damage    Failure   Level
 Sublimation of Blood     Necr           0%         N/A       88%         2
 Conjure Flame            Conj/Fire      0%         6-21      98%         3
 Ignite Poison            Fire/Tmut/Pois 0%         N/A       98%         3
 Petrify                  Tmut/Erth      0%         N/A       100%        4
 Sticky Flame             Conj/Fire      0%         2d3       100%        4
 Irradiate                Conj/Tmut      0%         3d11      100%        5


Dungeon Overview and Level Annotations

Branches:
Dungeon (7/15)             Temple (0/1) D:5           Sewer (visited)
Ossuary (visited)

Altars:
Hepliaklqana
Qazlal
Trog

Shops:
D:4 :


Innate Abilities, Weirdness & Mutations

You have a pair of horns on your head.
You reflexively headbutt those who attack you in melee.


Message History

Anything else - Cancel.
You shout for attention!
The gnoll shouts!
You hear a shout!
A gnoll comes into view. It is wielding a +0 spear.
Things that are here:
a +0 flail; a +2 vorpal flail; a gnoll corpse A skeletal warrior comes into view.
It is wielding a +0 halberd.
The gnoll misses you.
The skeletal warrior hits you from afar with a +0 halberd!
You closely miss the gnoll. The gnoll hits you but does no damage.
The skeletal warrior hits you but does no damage.
You closely miss the gnoll.
You headbutt the gnoll, but do no damage.
The gnoll completely misses you.
The skeletal warrior hits you from afar with a +0 halberd!
You barely miss the gnoll. The gnoll misses you. You furiously retaliate!
You headbutt the gnoll!
The skeletal warrior hits you from afar with a +0 halberd!
You closely miss the gnoll.
The gnoll is almost dead.
The gnoll closely misses you. You furiously retaliate!
You headbutt the gnoll!
You kill the gnoll!
Trog accepts your kill.
The skeletal warrior closely misses you.
The skeletal warrior hits you with a +0 halberd!!
* * * LOW HITPOINT WARNING * * *
Things that are here:
a +0 halberd; a gnoll corpse You barely miss the skeletal warrior.
Your skin crawls.
You feel strong-willed.
The skeletal warrior hits you with a +0 halberd!
* * * LOW HITPOINT WARNING * * *
You hit the skeletal warrior. You headbutt the skeletal warrior.
The skeletal warrior is lightly damaged.
The skeletal warrior hits you but does no damage.
You barely miss the skeletal warrior.
Your headbutt misses the skeletal warrior.
The skeletal warrior is lightly damaged.
The skeletal warrior hits you with a +0 halberd!!
You die...

#######..
####################........
................@z.)..#
###...##############.#..#
..........# #..# ...#
###...###.# #.g# .## #...#
#.# ...# .# #...# #.# ....#
W# #...# #.# )g...# . #...#
#.# ......# ###...# #.#
..g..#.#


You could see a skeletal warrior.

Vanquished Creatures
  Pikel (D:6)
  Prince Ribbit (D:6)
  A wraith (D:7)
  A yak (D:6)
  Menkaure (D:6)
  A water moccasin (D:6)
  2 orc warriors (D:6)
  3 black bears
  An ice beast (D:5)
  2 ogres
  3 phantoms
  A bullfrog (D:7)
  3 necrophages
  A scorpion (D:5)
  A howler monkey (D:5)
  4 hounds
  3 jellies
  6 iguanas
  6 orc wizards
  8 mummies (Ossuary)
  Robin (D:2)
  4 adders
  9 gnolls
  8 river rats
  A shadow imp (D:5)
  An ufetubus (D:5)
  4 worms
  3 dart slugs
  16 orcs
  7 bats
  9 endoplasms
  8 giant cockroaches
  14 goblins
  8 hobgoblins
  10 kobolds
  2 quokkas
  6 ball pythons
  7 frilled lizards
  3 hobgoblin zombies (Ossuary)
  4 kobold zombies (Ossuary)
  An orc zombie (Ossuary)
  7 rats
183 creatures vanquished.

Vanquished Creatures (others)
  3 plants (D:7)
3 creatures vanquished.

Grand Total: 186 creatures vanquished

Notes
Turn   | Place    | Note
-------+----------+-------------------------------------------
     0 | D:1      | nonceun the Minotaur Berserker began the quest for the Orb.
     0 | D:1      | Reached XP level 1. HP: 19/19 MP: 0/0
    73 | D:1      | Reached skill level 4 in Axes
   121 | D:1      | Reached XP level 2. HP: 26/26 MP: 1/1
   606 | D:1      | Reached ** piety under Trog
   607 | D:1      | Reached skill level 5 in Axes
   689 | D:1      | Reached XP level 3. HP: 10/31 MP: 2/2
  1036 | D:2      | Found a hazy altar of Hepliaklqana.
  1089 | D:2      | Noticed Robin
  1113 | D:2      | Killed Robin
  1133 | D:2      | Identified the +4 scale mail "Xitisorgh" {rF+++ Stlth-}
  1580 | D:2      | Reached skill level 6 in Axes
  1580 | D:2      | Reached XP level 4. HP: 39/39 MP: 3/3
  1792 | D:3      | Found a faded altar of an unknown god.
  1944 | D:3      | Found a glowing drain.
  1953 | Sewer    | Entered a sewer
  1990 | Sewer    | Reached XP level 5. HP: 45/45 MP: 4/4
  2011 | Sewer    | Reached skill level 7 in Axes
  2171 | Sewer    | Found a viscous altar of Jiyva.
  2194 | Sewer    | Reached *** piety under Trog
  2233 | Sewer    | Reached skill level 8 in Axes
  2845 | D:4      | Reached XP level 6. HP: 47/51 MP: 5/5
  2892 | D:4      | Reached skill level 9 in Axes
  3130 | D:4      | Reached XP level 7. HP: 57/57 MP: 6/6
  3150 | D:4      | Reached skill level 10 in Axes
  3806 | D:4      | Found Wuser's Book Shop.
  4285 | D:5      | Entered Level 5 of the Dungeon
  4332 | D:5      | Reached skill level 11 in Axes
  4333 | D:5      | Found a staircase to the Ecumenical Temple.
  4373 | D:5      | Reached XP level 8. HP: 61/67 MP: 7/7
  4491 | D:5      | Found a sand-covered staircase.
  4500 | Ossuary  | Entered an ossuary
  4553 | Ossuary  | Reached skill level 5 in Fighting
  4553 | Ossuary  | Reached skill level 12 in Axes
  5130 | D:5      | Found a stormy altar of Qazlal.
  5131 | D:5      | Found a bloodstained altar of Trog.
  5389 | D:6      | Noticed Pikel
  5403 | D:6      | Killed Pikel
  5413 | D:6      | Noticed Prince Ribbit
  5417 | D:6      | Reached XP level 9. HP: 77/77 MP: 8/8
  5461 | D:6      | Killed Prince Ribbit
  5461 | D:6      | Reached **** piety under Trog
  5462 | D:6      | Reached skill level 13 in Axes
  6232 | D:6      | Identified the +2 leather armour of the Turtledove {rPois
                  | rF++ rN+++}
  6235 | D:6      | Noticed Menkaure
  6257 | D:6      | Killed Menkaure
  6258 | D:6      | Reached skill level 5 in Armour
  6732 | D:7      | Found the +5 scythe "Finisher" {speed, eviscerate}
  6754 | D:7      | Noticed a skeletal warrior
  6769 | D:7      | Mangled by a skeletal warrior

Illustrated notes

Levels and vault maps discovered:
D:1:      dpeg_arrival_refuge, layout_rooms
D:2:      layout_loops_cross, basic_altar, uniq_robin
D:3:      layout_basic, nicolae_ecumenical_oubliette, lightli_sewer_entry_pipes
D:4:      layout_layer_cave, serial_shops, shop, minmay_misc_feat_encased
D:5:      layout_cave_pools, nicolae_overflow_squiral,
          minmay_temple_entry_ruins, enter_ossuary_1
D:6:      layout_loops_cross, minmay_misc_feat_enclosed,
          roderic_nine_men_s_morris, fountainhead, minmay_checkerbox,
          uniq_menkaure, uniq_prince_ribbit1, uniq_pikel
D:7:      layout_basic, serial_bayou_ford_a, minmay_guarded_unrand_finisher

Skill      XL: |  1  2  3  4  5  6  7  8  9 |
---------------+----------------------------+-----
Axes           | 4 5 6 8 9 11 12 13 | 13.8
Fighting       | 4 6 8 |  8.3
Armour         | 4 5 |  5.0
Dodging        | 3 4 |  4.6

Action                   |  1- 3 |  4- 6 |  7- 9 || total
-------------------------+-------+-------+-------++-------
Melee: Hand axe          |    96 |   160 |   237 ||   493
       Headbutt          |     9 |    25 |    66 ||   100
       Punch             |     1 |     3 |     3 ||     7
       War axe           |       |       |    70 ||    70
Invok: Trog's Hand       |       |       |     6 ||     6
Armor: Scale mail        |    17 |    54 |   100 ||   171
       Plate armour      |    15 |       |       ||    15
Dodge: Dodged            |    37 |    61 |   100 ||   198
